 Dungeon Crawl Stone Soup version 0.23.2-40-g277498a001 (webtiles) character file.

Game seed: 4507888466886384076

932 Hylith the Changer (level 8, 0/54 HPs)
             Began as an Octopode Transmuter on Sept 23, 2019.
             Splashed by a jelly's acid (9 damage)
             ... on level 6 of the Dungeon.
             The game lasted 00:16:06 (7520 turns).

Hylith the Changer (Octopode Transmuter)            Turns: 7520, Time: 00:16:07

Health: 0/54       AC: -6    Str:  9    XL:     8   Next: 11%
Magic:  14/14      EV: 15    Int: 18    God:
Gold:   349        SH:  0    Dex: 12    Spells: 5/15 levels left

rFire    . . .     SeeInvis .     - Unarmed
rCold    . . .     Gourm    .   (no shield)
rNeg     . . .     Faith    .   (helmet restricted)
rPois    .         Spirit   .   (no amulet)
rElec    .         Reflect  .   j - +1 ring of protection
rCorr    .         Harm     .   (no ring)
MR       .....                  (no ring)
Stlth    +++.......             (no ring)
HPRegen  0.18/turn              (no ring)
MPRegen  0.14/turn              (no ring)
                                (no ring)
                                (no ring)

@: corroded
A: almost no armour, stealthy swim, amphibious, 8 rings, constrict 8, camouflage
1, gelatinous body 1
a: no special abilities


You were on level 6 of the Dungeon.
You were not hungry.

You visited 2 branches of the dungeon, and saw 7 of its levels.

You collected 349 gold pieces.

Inventory:

Missiles
 a - 23 arrows
 n - 218 stones (quivered)
 o - 3 tomahawks
Magical Staves
 u - an uncursed staff of death
Jewellery
 j - a +1 ring of protection (left tentacle)
Wands
 e - a wand of paralysis (8)
 t - a wand of enslavement (10)
Scrolls
 g - a scroll of immolation
 l - 3 scrolls of noise
 m - 4 scrolls of remove curse
 r - 3 scrolls of identify
Potions
 b - a potion of magic {unknown}
 d - 4 potions of flight
 f - a potion of ambrosia {unknown}
 h - a potion of lignification {unknown}
 i - 5 potions of degeneration {unknown}
 k - a potion of mutation {unknown}
 p - a potion of curing {unknown}
 q - 3 potions of brilliance {unknown}
Comestibles
 c - 13 rations
 s - a chunk of flesh


   Skills:
 + Level 4.2 Fighting
 + Level 4.3 Dodging
 - Level 1.0 Stealth
 + Level 4.2 Unarmed Combat
 - Level 4.0 Spellcasting
 - Level 5.0 Transmutations


You had 5 spell levels left.
You knew the following spells:

 Your Spells              Type           Power        Failure   Level  Hunger
a - Beastly Appendage     Tmut           ###...       1%          1    None
b - Sticks to Snakes      Tmut           ###.....     2%          2    ##.....
c - Spider Form           Tmut/Pois      ##........   16%         3    ###....
d - Ice Form              Ice/Tmut       ##......     45%         4    ####...

Your spell library contained the following spells:

 Spells                   Type           Power        Failure   Level  Hunger
 Blade Hands              Tmut           ###.......   45%         5    ######.


Dungeon Overview and Level Annotations

Branches:
Dungeon (6/15)             Temple (1/1) D:4

Altars:
Ashenzari
Cheibriados
Dithmenos
Elyvilon
Fedhas
Gozag
Nemelex Xobeh
Qazlal
Ru
Sif Muna
Trog
Uskayaw
Vehumet
Wu Jian
Xom
Yredelemnul
Zin
The Shining One


Innate Abilities, Weirdness & Mutations

You cannot wear most types of armour.
You are very stealthy in the water. (Stealth+)
You are amphibious.
You can wear up to eight rings at the same time.
You can use your tentacles to constrict eight enemies at once.
Your skin changes colour to match your surroundings (Stealth+).
Your rubbery body absorbs attacks. (AC +1, EV +1)


Message History

You barely miss the jelly.
The jelly is severely wounded.
The jelly closely misses you.
You tentacle-slap the jelly. The acid corrodes you!
Your tentacles burn!
The jelly is almost dead.
The jelly hits you.
You are splashed with acid.
You are too injured to fight recklessly!
You are too injured to fight recklessly!
You tentacle-slap the jelly but do no damage.
Your tentacles burn!
The jelly is almost dead.
The jelly hits you.
You are splashed with acid!
* * * LOW HITPOINT WARNING * * *
You tentacle-slap the jelly.
Your tentacles burn!
* * * LOW HITPOINT WARNING * * *
The jelly is almost dead.
The jelly hits you.
* * * LOW HITPOINT WARNING * * *
You are splashed with acid!
You die...

##+#...#>....
##+#######......#.###.
#.......##............
#.......##............
#.......##............
+.........?.....#####.
#.............#.# .
#.............+...
#.=..@..$.....#.###
#...J.........#.#
#.............#
#.............#
#.............#
########......#
#......# #######


You could see a jelly.

Vanquished Creatures
  An ice beast (D:5)
  2 bullfrogs (D:6)
  A scorpion (D:5)
  A centaur zombie (D:5)
  A centaur skeleton (D:5)
  2 hounds
  An orc priest (D:5)
  3 jellies
  Ijyb (D:4)
  2 orc wizards
  An iguana (D:5)
  A worker ant (D:5)
  12 adders
  An ooze (D:5)
  9 worms
  4 dart slugs
  3 leopard geckos
  12 orcs
  6 bats
  5 giant cockroaches
  5 goblins
  7 hobgoblins
  10 jackals
  11 kobolds
  2 quokkas (D:4)
  2 ball pythons
  7 frilled lizards
  A jackal zombie (D:5)
  10 rats
124 creatures vanquished.

Vanquished Creatures (collateral kills)
  An ice beast (D:5)
  An orc (D:5)
2 creatures vanquished.

Grand Total: 126 creatures vanquished

Notes
Turn   | Place    | Note
-------+----------+-------------------------------------------
     0 | D:1      | Hylith the Octopode Transmuter began the quest for the Orb.
     0 | D:1      | Reached XP level 1. HP: 13/13 MP: 3/3
   455 | D:1      | Reached XP level 2. HP: 18/18 MP: 5/5
   477 | D:1      | Reached skill level 1 in Stealth
   918 | D:1      | Reached XP level 3. HP: 20/23 MP: 6/6
  1043 | D:1      | Learned a level 2 spell: Sticks to Snakes
  1047 | D:1      | Learned a level 3 spell: Spider Form
  1140 | D:2      | Found a shattered altar of Ashenzari.
  1202 | D:2      | Reached skill level 3 in Transmutations
  1231 | D:2      | Reached XP level 4. HP: 7/29 MP: 7/7
  2719 | D:3      | Found a glowing golden altar of the Shining One.
  2897 | D:3      | Reached XP level 5. HP: 34/34 MP: 9/9
  3261 | D:4      | Reached skill level 4 in Transmutations
  3660 | D:4      | Noticed Ijyb
  3797 | D:4      | Paralysed by Ijyb for 7 turns
  3807 | D:4      | Killed Ijyb
  3807 | D:4      | Reached XP level 6. HP: 26/41 MP: 10/10
  4231 | D:4      | Found a staircase to the Ecumenical Temple.
  4355 | Temple   | Entered the Ecumenical Temple
  4436 | D:5      | Entered Level 5 of the Dungeon
  5262 | D:5      | Reached XP level 7. HP: 43/46 MP: 12/12
  5329 | D:5      | Found the +0 Maxwell's etheric cage {RegenMP+ *Contam rElec
                  | MP+4}
  5583 | D:5      | Found a glowing silver altar of Zin.
  6319 | D:5      | Learned a level 4 spell: Ice Form
  6536 | D:5      | Reached skill level 5 in Transmutations
  6951 | D:6      | Reached XP level 8. HP: 40/54 MP: 10/14
  7520 | D:6      | Splashed by a jelly's acid

Skill      XL: |  1  2  3  4  5  6  7 |
---------------+----------------------+-----
Stealth        | 1 |  1.0
Transmutations | 3 4 5 |  5.0
Fighting       | 2 3 4 |  4.2
Spellcasting   | 3 4 |  4.0
Dodging        | 3 4 |  4.3
Unarmed Combat | 4 |  4.2

Action                   |  1- 3 |  4- 6 |  7- 9 || total
-------------------------+-------+-------+-------++-------
Melee: Unarmed           |    84 |   227 |   104 ||   415
       Constrict         |    29 |    50 |    10 ||    89
       Tentacles         |    16 |    52 |    15 ||    83
       Punch             |     5 |     5 |     3 ||    13
 Cast: Sticks to Snakes  |       |       |     7 ||     7
       Spider Form       |       |       |     2 ||     2
 Abil: End Transformatio |       |       |     2 ||     2
  Use: Scroll            |       |     6 |     3 ||     9
 Stab: Sleeping          |     2 |    10 |     4 ||    16
  Eat: Chunk             |     1 |     7 |     6 ||    14
       Ration            |       |     2 |       ||     2
Armor: Skin              |    10 |    19 |     6 ||    35
Dodge: Dodged            |    49 |   125 |    69 ||   243
